 Dungeon Crawl Stone Soup version 0.21.0-24-g2553a33 (webtiles) character file.

21567 shenanigans the Blocker (level 12, -3/98 HPs)
             Began as a Barachi Monk on Jan 19, 2018.
             Was a High Priest of Okawaru.
             Slain by a sun demon (16 damage)
             ... summoned by an orc sorcerer
             ... while paralysed by a chaos spawn
             ... on level 2 of the Orcish Mines.
             The game lasted 00:53:38 (20813 turns).

shenanigans the Blocker (Barachi Monk)             Turns: 20813, Time: 00:53:38

Health: -3/98      AC: 18    Str: 15    XL:     12   Next: 91%
Magic:  8/15       EV:  2    Int: 15    God:    Okawaru [*****.]
Gold:   929        SH:  0    Dex: 17    Spells: 11/11 levels left

rFire    . . .     SeeInvis .   a - +5 broad axe (chop)
rCold    . . .     Gourm    +   n - +0 buckler
rNeg     + + .     Faith    .   N - +0 plate armour
rPois    +         Spirit   .   q - +0 helmet
rElec    +         Reflect  .   t - +1 cloak
rCorr    .         Harm     .   (no gloves)
MR       .....                  (no boots)
Stlth    ..........             F - amulet of the gourmand
HPRegen  0.26/turn              J - +2 ring of dexterity
MPRegen  0.14/turn              M - ring of Day {*Contam rElec rPois rN++ Str+2}

@: paralysed, drained, slow
A: +LOS, swims, slowness 1, strong legs 1
a: Hop, Heroism, Finesse, Renounce Religion


You were on level 2 of the Orcish Mines.
You worshipped Okawaru.
Okawaru was extremely pleased with you.
You were not hungry.

You visited 4 branches of the dungeon, and saw 15 of its levels.

You collected 1675 gold pieces.
You spent 746 gold pieces at shops.

Inventory:

Hand Weapons
 a - a +5 broad axe of chopping (weapon)
 y - a +0 broad axe of venom
Missiles
 h - 31 tomahawks (quivered)
Armour
 f - a +2 scale mail of fire resistance
 n - a +0 buckler (worn)
 q - a +0 helmet (worn)
 t - a +1 cloak (worn)
 z - a +1 chain mail of fire resistance
 N - a +0 plate armour (worn)
Jewellery
 F - an amulet of the gourmand (around neck)
 J - a +2 ring of dexterity (left hand)
 M - the ring of Day (right hand) {*Contam rElec rPois rN++ Str+2}
   (You bought it in a shop on level 8 of the Dungeon)

   [ring of poison resistance]

   It affects your strength (+2).
   It insulates you from electricity.
   It protects you from poison.
   It greatly protects you from negative energy.
   It causes magical contamination when unequipped.
Wands
 w - a wand of enslavement (17)
 A - a wand of flame (82)
 E - a wand of paralysis (5)
 I - a wand of random effects (37)
Scrolls
 c - a scroll of silence {unknown}
 g - 4 scrolls of amnesia
 k - a scroll of vulnerability {unknown}
 l - 2 scrolls of enchant armour
 o - 5 scrolls of teleportation
 s - 2 scrolls of fog {unknown}
 u - 3 scrolls of remove curse
 v - a scroll of summoning
 x - 3 scrolls of noise {unknown}
 B - 2 scrolls of blinking
Potions
 i - a potion of mutation
 p - a potion of magic
 r - a potion of cancellation
 D - 2 potions of flight
 G - 2 potions of curing
 P - a potion of might
 Q - a potion of agility {unknown}
Books
 C - a book of Conjurations

   Spells                             Type                      Level
   a - Magic Dart                     Conjuration                  1
   b - Searing Ray                    Conjuration                  2
   c - Dazzling Spray                 Conjuration/Hexes            3
   d - Fulminant Prism                Conjuration/Hexes            4
   e - Force Lance                    Conjuration/Translocation    4
   f - Iskenderun's Mystic Blast      Conjuration                  4
 H - a book of Changes

   Spells                             Type                      Level
   a - Beastly Appendage              Transmutation                1
   b - Sticks to Snakes               Transmutation                2
   c - Spider Form                    Transmutation/Poison         3
   d - Ice Form                       Ice/Transmutation            4
   e - Blade Hands                    Transmutation                5
 O - a book of Necromancy

   Spells                             Type                      Level
   a - Pain                           Necromancy                   1
   b - Animate Skeleton               Necromancy                   1
   c - Vampiric Draining              Necromancy                   3
   d - Regeneration                   Charms/Necromancy            3
   e - Animate Dead                   Necromancy                   4
   f - Borgnjor's Vile Clutch         Necromancy/Earth             5
Comestibles
 d - 20 rations


   Skills:
 + Level 10.5(10.4) Fighting
 + Level 9.8(9.7) Axes
 + Level 10.0(9.9) Armour
 + Level 9.7(9.6) Dodging
 - Level 1.7(1.6) Stealth
 * Level 12.5(12.4) Shields
 - Level 5.2(5.0) Invocations


You had 11 spell levels left.
You didn't know any spells.

Dungeon Overview and Level Annotations

Branches:
Dungeon (11/15)            Temple (1/1) D:7            Lair (1/6) D:10
    Orc (2/2) D:10            Elf (0/3) Orc:2

Altars:
Ashenzari
Cheibriados
Dithmenos
Elyvilon
Fedhas
Gozag
Hepliaklqana
Kikubaaqudgha
Makhleb
Nemelex Xobeh
Okawaru
Qazlal
Ru
Sif Muna
Trog
Uskayaw
Vehumet
Wu Jian
Xom
Yredelemnul
Zin
The Shining One

Shops:
D:6 *   D:8 =

Annotations:
D:5 tamerofbeasts's ghost, novice DsGl
D:7 Prince Ribbit


Innate Abilities, Weirdness & Mutations

Shadows flee at your approach. (+LOS)
You can swim through water.
You cover ground slowly.
You can hop short distances.


Message History

The chaos spawn gores you!
You suddenly lose the ability to move!
The sun demon hits you but does no damage.
The orc sorcerer points at you and mumbles some strange words.
The bolt of negative energy hits you! You resist.
The chaos spawn gores you but does no damage.
The sun demon hits you but does no damage.
The orc sorcerer hits you with a dagger.
The chaos spawn gores you but does no damage.
The sun demon hits you but does no damage.
The orc sorcerer hits you but does no damage.
The chaos spawn gores you. The chaos spawn shocks you. You resist.
The sun demon barely misses you.
The orc sorcerer hits you but does no damage.
The chaos spawn gores you. The chaos spawn freezes you! The sun demon hits you!
You are engulfed in flames!
* * * LOW HITPOINT WARNING * * *
The orc sorcerer barely misses you. The sun demon hits you!
* * * LOW HITPOINT WARNING * * *
You are engulfed in flames!
You die...

#........).....#####.....##
#.....#..[..[..##.......##
#....#####o[..##..[[...##
##....# #..)......[..##
#.4[.## #.#....)....##
##.o.## ####.......##
#.o..# #........## ....##
####3o4...[.### ...##
#.##.@).......## ..##
###..............# ###
#.#..[..#.#.....##
##..[)..####....##
#...)######......## ###
#........##.......#
#.###.....∩...#.......#
##.####..............##
#####.## ##.#..........##


You could see a sun demon, a chaos spawn and an orc sorcerer.

Vanquished Creatures
  2 ettins
  Snorg (D:10)
  Harold (Orc:2)
  2 two-headed ogres
  2 orc high priests
  2 unseen horrors
  3 orc knights
  An orc sorcerer (Orc:1)
  2 cyclopes
  Joseph (D:8)
  2 spiny frogs (Lair:1)
  A komodo dragon (Lair:1)
  3 trolls (D:11)
  A hornet (D:11)
  Grinder (D:4)
  2 hippogriffs
  A shadow (D:11)
  A wyvern (D:8)
  A wraith (D:11)
  5 yaks (D:11)
  2 hungry ghosts
  3 wargs
  4 water moccasins
  An acid dragon (D:11)
  21 orc warriors
  4 sky beasts
  7 ogres
  3 ice beasts
  2 phantoms
  7 centaurs
  2 crocodiles
  A big kobold (D:8)
  8 bullfrogs
  3 wyvern zombies
  3 scorpions
  2 jellies
  6 howler monkeys
  2 centaur zombies
  3 crimson imps
  2 bullfrog zombies
  23 orc priests
  2 hounds
  2 centaur skeletons
  Crazy Yiuf (D:4)
  2 bullfrog skeletons
  28 orc wizards
  Terence (D:3)
  4 iguanas
  7 worker ants
  A hound zombie (D:7)
  A howler monkey zombie (D:11)
  A worker ant zombie (D:7)
  15 gnolls
  9 adders
  An ooze (D:7)
  An adder skeleton (D:7)
  2 adder zombies
  2 leopard geckos
  97 orcs
  6 giant cockroaches
  4 goblins
  10 hobgoblins
  2 jackals (D:4)
  6 quokkas
  A ball python (D:1)
  7 bats
  6 frilled lizards
  3 kobolds
  A quokka zombie (D:7)
  4 rats
371 creatures vanquished.

Vanquished Creatures (others)
  A plant (Lair:1)
1 creature vanquished.

Grand Total: 372 creatures vanquished

Notes
Turn   | Place    | Note
-------+----------+-------------------------------------------
     0 | D:1      | shenanigans the Barachi Monk began the quest for the Orb.
     0 | D:1      | Reached XP level 1. HP: 18/18 MP: 1/1
   247 | D:1      | Reached XP level 2. HP: 25/25 MP: 2/2
   448 | D:1      | Reached skill level 1 in Armour
  1192 | D:2      | Reached XP level 3. HP: 28/30 MP: 3/3
  1556 | D:2      | Found a faded altar of an unknown god.
  1755 | D:2      | Reached skill level 1 in Shields
  2196 | D:3      | Reached XP level 4. HP: 13/37 MP: 4/4
  2522 | D:3      | Reached skill level 2 in Shields
  2703 | D:3      | Reached XP level 5. HP: 32/43 MP: 5/5
  2986 | D:3      | Noticed Terence
  3016 | D:3      | Killed Terence
  3270 | D:4      | Reached skill level 3 in Shields
  3270 | D:4      | Reached XP level 6. HP: 49/49 MP: 6/6
  3345 | D:5      | Entered Level 5 of the Dungeon
  4036 | D:4      | Noticed Grinder
  4040 | D:4      | Paralysed by Grinder for 7 turns
  4050 | D:4      | Paralysed by Grinder for 2 turns
  4054 | D:4      | Paralysed by Grinder for 6 turns
  4060 | D:4      | Killed Grinder
  4060 | D:4      | Reached skill level 5 in Fighting
  4060 | D:4      | Reached skill level 4 in Shields
  4060 | D:4      | Reached XP level 7. HP: 35/56 MP: 7/7
  4391 | D:4      | Found a runed door.
  4395 | D:4      | Noticed Crazy Yiuf
  4402 | D:4      | Killed Crazy Yiuf
  4845 | D:5      | Reached skill level 5 in Axes
  4846 | D:5      | Reached skill level 5 in Dodging
  4856 | D:5      | Noticed tamerofbeasts's ghost (novice DsGl)
  5809 | D:6      | Reached skill level 5 in Shields
  5866 | D:6      | Reached XP level 8. HP: 63/63 MP: 8/8
  6088 | D:6      | Found Lycizeke's Assorted Antiques.
  6110 | D:6      | Bought a lumpy platinum amulet for 100 gold pieces
  7062 | D:7      | Reached skill level 6 in Shields
  7215 | D:7      | Noticed Prince Ribbit
  7443 | D:7      | Noticed a hippogriff
  7456 | D:7      | Killed a hippogriff
  7456 | D:7      | Reached skill level 5 in Armour
  7828 | D:7      | Found a staircase to the Ecumenical Temple.
  7909 | D:7      | Reached XP level 9. HP: 51/71 MP: 9/9
  8114 | Temple   | Entered the Ecumenical Temple
  8413 | Temple   | Became a worshipper of Warmaster Okawaru
  8413 | Temple   | Reached * piety under Okawaru
  8413 | Temple   | Reached ** piety under Okawaru
  8772 | D:8      | Reached skill level 1 in Invocations
  8787 | D:8      | Reached skill level 7 in Shields
  8824 | D:8      | Found Nuf Gosh's Jewellery Shop.
  9024 | D:8      | Noticed Joseph
  9050 | D:8      | Killed Joseph
  9653 | D:8      | Found a white marble altar of Elyvilon.
  9696 | D:8      | Found a hazy altar of Hepliaklqana.
  9883 | D:9      | Reached skill level 8 in Shields
  9976 | D:9      | Reached XP level 10. HP: 47/79 MP: 9/12
 10101 | D:9      | Reached *** piety under Okawaru
 10343 | D:9      | HP: 2/79 [wyvern (8)]
 11061 | D:9      | Received a gift from Okawaru
 11814 | D:10     | Entered Level 10 of the Dungeon
 11893 | D:10     | Killed an unseen horror
 11893 | D:10     | Reached skill level 9 in Shields
 12168 | D:10     | Noticed a two-headed ogre
 12195 | D:10     | Killed a two-headed ogre
 12195 | D:10     | Reached skill level 5 in Invocations
 12246 | D:10     | Reached **** piety under Okawaru
 12252 | D:10     | Reached XP level 11. HP: 51/86 MP: 12/14
 12485 | D:10     | Found a burning altar of Makhleb.
 12565 | D:10     | Found a white marble altar of Elyvilon.
 13349 | D:10     | Found a staircase to the Orcish Mines.
 13422 | D:10     | Noticed Snorg
 13446 | D:10     | Killed Snorg
 13446 | D:10     | Reached skill level 10 in Shields
 13482 | D:10     | Found a staircase to the Lair.
 13644 | D:8      | Bought the ring of Day {*Contam rElec rPois rN++ Str+2} for 646 gold pieces
 14383 | D:11     | Noticed a cyclops
 14419 | D:11     | Killed a cyclops
 14419 | D:11     | Reached ***** piety under Okawaru
 15036 | D:11     | Noticed a two-headed ogre
 15046 | D:11     | Killed a two-headed ogre
 15078 | D:11     | Killed an unseen horror
 15078 | D:11     | Reached skill level 11 in Shields
 15456 | D:11     | Received a gift from Okawaru
 15725 | Lair:1   | Entered Level 1 of the Lair of Beasts
 15750 | Lair:1   | Reached XP level 12. HP: 96/96 MP: 12/15
 16266 | Lair:1   | Noticed an eight-headed hydra
 16377 | Orc:1    | Entered Level 1 of the Orcish Mines
 16840 | Orc:1    | Noticed an ettin
 16950 | D:10     | Killed an ettin
 17639 | Orc:2    | Entered Level 2 of the Orcish Mines
 17653 | Orc:2    | Found a staircase to the Elven Halls.
 18204 | Orc:2    | Reached skill level 10 in Fighting
 18438 | Orc:1    | Noticed Harold
 18588 | Orc:1    | Noticed an ettin
 18641 | Orc:2    | Killed Harold
 19041 | Orc:1    | Killed an ettin
 19041 | Orc:1    | Reached skill level 12 in Shields
 19512 | Orc:1    | Received a gift from Okawaru
 20056 | Orc:2    | Noticed an orc high priest
 20063 | Orc:2    | Noticed an orc high priest
 20078 | Orc:2    | Noticed a sun demon
 20308 | Orc:1    | Killed an orc high priest
 20358 | Orc:2    | Killed an orc high priest
 20358 | Orc:2    | Reached skill level 10 in Armour
 20802 | Orc:2    | Paralysed by an orc sorcerer for 6 turns
 20806 | Orc:2    | Noticed a sun demon
 20808 | Orc:2    | Paralysed by a chaos spawn for 7 turns
 20813 | Orc:2    | Slain by a sun demon

Skill      XL: |  1  2  3  4  5  6  7  8  9 10 11 12 |
---------------+-------------------------------------+-----
Armour         | 1 2 3 4 5 6 7 8 10 | 10.0
Fighting       | 4 5 6 7 8 9 10 | 10.5
Shields        | 1 2 3 4 5 6 8 9 11 12 | 12.5
Axes           | 4 5 6 7 8 9 |  9.8
Dodging        | 4 5 6 7 8 9 |  9.7
Invocations    | 3 5 |  5.2
Stealth        | |  1.7

Action                   |  1- 3 |  4- 6 |  7- 9 | 10-12 || total
-------------------------+-------+-------+-------+-------++-------
Melee: Hand axe          |   140 |   217 |   446 |   302 ||  1105
       War axe           |       |       |   303 |   183 ||   486
       Broad axe         |       |       |       |   541 ||   541
Throw: Tomahawk          |       |     5 |    12 |    22 ||    39
Invok: Heroism           |       |       |     7 |    32 ||    39
 Abil: Hop               |     1 |       |     1 |     6 ||     8
Evoke: Wand              |       |       |     3 |     2 ||     5
  Use: Scroll            |       |     4 |     5 |    18 ||    27
       Potion            |       |       |     3 |     6 ||     9
 Stab: Sleeping          |     2 |       |       |       ||     2
       Paralysed         |       |       |     7 |     2 ||     9
  Eat: Chunk             |     4 |     1 |    12 |    38 ||    55
       Ration            |       |     2 |     4 |     1 ||     7
Armor: Robe              |    14 |       |       |       ||    14
       Chain mail        |    71 |   104 |       |       ||   175
       Scale mail        |       |    37 |   301 |   171 ||   509
       Skin              |       |       |    48 |    27 ||    75
       Plate armour      |       |       |       |   268 ||   268
Dodge: Dodged            |    77 |    90 |   320 |   448 ||   935
Block: Buckler           |    16 |    43 |   195 |   354 ||   608
